 Dungeon Crawl Stone Soup version 0.31-a0-844-gdc52ec4e09 (webtiles) character file.

Game seed: 15826791051598450839

22 Midn8 the Charlatan (level 2, -1/13 HPs)
             Began as a Felid Wanderer on Sept 28, 2023.
             Was an Initiate of Gozag.
             Killed by nerve-wracking pain
             ... invoked by Jessica
              (14 damage)
             ... on level 2 of the Dungeon.
             The game lasted 00:04:09 (844 turns).

Midn8 the Charlatan (Felid Wanderer)                 Turns: 844, Time: 00:04:10

Health: -1/13      AC:  1    Str:  8    XL:     2   Next: 68%
Magic:  3/3        EV: 16    Int: 19    God:    Gozag
Gold:   114        SH:  0    Dex: 15    Spells: 1/1 levels left
                                        Lives:  0   Deaths: 1

rFire   . .          .
                       - Unarmed
rCold   . . .        (shield unavailable)
rNeg    . . .        (body armour unavailable)
rPois   .            (helmet unavailable)
rElec   .            (cloak unavailable)
rCorr   .            (gloves unavailable)
SInv    +            (boots unavailable)
Will    .....        (no amulet)
Stlth   ++           j - +6 ring of intelligence
HPRegen 0.22/turn    (no ring)
MPRegen 0.08/turn

%: no passive effects
@: quick
A: very small, claws 1, fangs 3, see invisible, speed 1, shaggy fur 1, stealthy
paws, no weapons or thrown items, no armour, multi-lived, passive freeze, wild
magic 1
a: Renounce Religion, Potion Petition, Call Merchant, Bribe Branch


You were on level 2 of the Dungeon.
You worshipped Gozag.
Gozag was aware of your devotion.
You visited 1 branch of the dungeon, and saw 2 of its levels.

You collected 114 gold pieces.

Inventory:

Jewellery
 j - a +6 ring of intelligence (left paw)
Wands
 d - a wand of polymorph (5) (quivered)
Scrolls
 b - a scroll of fear
 e - 2 scrolls of butterflies
Potions
 c - a potion of attraction
 g - 2 potions of degeneration


   Skills:
 - Level 2.1 Fighting
 - Level 1.3 Dodging
 + Level 2.9 Stealth
 - Level 2.0 Unarmed Combat
 - Level 1.0 Invocations
 - Level 4.3 Evocations


You had one spell level left.
You didn't know any spells.
Your spell library was empty.

Dungeon Overview and Level Annotations

Branches:
Dungeon (2/15)

Altars:
Gozag

Annotations:
D:2 Jessica


Innate Abilities, Weirdness & Mutations

You have sharp claws.
You have razor-sharp teeth.
You have supernaturally acute eyesight. (SInv)
You cover ground quickly. (Speed+)
You are covered in fur. (AC +1)
Your paws help you pounce on unaware monsters.
You are incapable of wielding weapons or throwing items.
You cannot wear armour.
You gain extra lives every three experience levels.
A frigid envelope surrounds you and freezes all who hurt you.
Your spells are a little harder to cast, but a little more powerful.


Message History

You scratch the adder but do no damage.
You feel sick. The adder bites you.
You are more poisoned.
The adder poisons you!
You scratch the adder but do no damage.
You feel sick. The adder bites you but does no damage.
The adder closely misses you.
You miss the adder.
You feel sick. The adder closely misses you.
You closely miss the adder.
You feel sick. The adder barely misses you.
It was a potion of degeneration.
There was something very wrong with that liquid.
You feel weakened.
You feel dopey.
You feel clumsy.
You feel sick. The adder misses you.
It was a potion of cancellation.
You feel magically purged.
You feel sick. The adder bites you.
* * * LOW HITPOINT WARNING * * *
The adder misses you.
It was a potion of mutation.
You feel extremely strange.
Your skin feels very cold.
You feel less in control of your magic.
* * * LOW HITPOINT WARNING * * *
You feel sick. The adder bites you.
You die...
The adder is very cold.
The adder seems to slow down.
The adder is lightly wounded.
You rejoin the land of the living...
Unknown command.
There is a stone staircase leading down here.
You climb downwards.
Level annotation: Jessica Jessica mumbles some strange words.
Jessica blinks!
Jessica mumbles some strange words.
Jessica seems to speed up.
There is a stone staircase leading up here.
You completely miss Jessica. You bite Jessica, but do no damage.
Jessica misses you.
You scratch Jessica but do no damage. Your bite misses Jessica.
Jessica casts a spell at you. Pain shoots through your body!
Ouch! That really hurt!
You die...
Your body crumbles into a pile of gold.

***,,,,**>,,,,,,,,,,,,,,,,,,,,
*,,,,*##########...##,**,*****
**,***##########.).##,,,,* *,,
*,* ###############***,* *,*
***,** ######.........,**,* *,*
*,,,,**######.########,**,* *,*
*,,,,,,...###.##....##,**,* *,*
*,,,,**##.....@.....##,,,,***,*
*,,,,,,....#.#@...####******,,,
*,,,,,*###.#..<ยง..#### *,*,
*,,,,,,.##.####...#### **,*,
*******.^.....#...#### *,,*,
*,,,.......#...#### **,***
****#..l...######## ***,,*,*
#......########**,,,**,*
#......#######.,,,***,,,
*,,,,,,,,,,,,,,,,,,,,,*,


You could see Jessica (fast).

Vanquished Creatures
  A dart slug (D:1)
  A ball python (D:1)
  2 bats (D:1)
  5 endoplasms (D:1)
  A hobgoblin (D:1)
  2 kobolds (D:1)
  A quokka (D:1)
  A frilled lizard (D:1)
  2 goblins (D:1)
  A rat (D:1)
17 creatures vanquished.

Notes
Turn   | Place    | Note
-------+----------+-------------------------------------------
     0 | D:1      | Midn8 the Felid Wanderer began the quest for the Orb.
     0 | D:1      | Midn8 set off with the following items: a potion of heal
                  | wounds, a scroll of fear, a potion of attraction, a wand of
                  | polymorph (5), a scroll of butterflies.
     0 | D:1      | Reached XP level 1. HP: 9/9 MP: 2/2
    30 | D:1      | Found a faded altar of an unknown god.
    36 | D:1      | Prayed at the altar of an unknown god.
    36 | D:1      | Became a worshipper of Gozag Ym Sagoz the Greedy
   362 | D:1      | Reached XP level 2. HP: 8/13 MP: 3/3
   746 | D:2      | Noticed Jessica
   828 | D:1      | Gained mutation: A frigid envelope surrounds you and
                  | freezes all who hurt you. [potion of mutation]
   828 | D:1      | Gained mutation: Your spells are a little harder to cast,
                  | but a little more powerful. [potion of mutation]
   828 | D:1      | Slain by an adder
   844 | D:2      | Killed from afar by Jessica

Illustrated notes

Levels and vault maps discovered:
D:1:      saegor_arrival_simple_b, layout_rooms,
          hellmonk_ecumenical_altar_heavens_door,
          minmay_misc_feat_secret_circle, serial_park_tiny_pond,
          serial_park_tiny_pond
D:2:      minmay_general_purpose_star, layout_basic, uniq_jessica

Skill      XL: |  1  2 |
---------------+-------+-----
Fighting       | 2 |  2.1
Stealth        | 2 |  2.9
Dodging        | |  1.3
Unarmed Combat | |  2.0
Invocations    | |  1.0
Evocations     | |  4.3

Action                     || total
---------------------------++-------
  Melee: Unarmed           ||    66
         Bite              ||     7
         Punch             ||     2
    Use: Potion            ||     4
         Scroll            ||     1
   Stab: Sleeping          ||     2
 Armour: Skin              ||    25
  Dodge: Dodged            ||    51

Table legend: (Time is in decaauts)
 A = Elapsed time spent in this place.
 B = Non-inter-level travel time spent in this place.
 C = Inter-level travel time spent in this place.
 D = Time resting spent in this place.
 E = Time spent auto-exploring this place.
 F = Levels seen in this place.
 G = Mean time per level.
                   A        B        C        D        E       F      G
               +--------+--------+--------+--------+--------+-----+--------+
         Total |    707 |    631 |     76 |     46 |    273 |   2 |  353.5 |
       Dungeon |    707 |    631 |     76 |     46 |    273 |   2 |  353.5 |
               +--------+--------+--------+--------+--------+-----+--------+

Top non-repeatable levels by time:
     D:1: 697 daAuts
     D:2: 10 daAuts
